 Dungeon Crawl Stone Soup version 0.24-a0-201-gf205589 (webtiles) character file.

Game seed: 528142757949159885

242 Borgoz the Cutter (level 6, -3/37 HPs)
             Began as a Gargoyle Gladiator on Mar 25, 2019.
             Killed by divine providence
             ... invoked by an orc priest
              (12 damage)
             ... on level 3 of the Dungeon.
             The game lasted 00:06:10 (2432 turns).

Borgoz the Cutter (Gargoyle Gladiator)              Turns: 2432, Time: 00:06:11

Health: -3/37      AC:  8    Str: 18    XL:     6   Next: 9%
Magic:  17/17      EV: 13    Int: 10    God:
Gold:   154        SH:  0    Dex: 11    Spells: 7/7 levels left

rFire    + . .     SeeInvis .   a - +0 rapier
rCold    + . .     Gourm    .   (no shield)
rNeg     + . .     Faith    .   b - +0 leather armour
rPois    ∞         Spirit   .   c - +0 helmet
rElec    +         Reflect  .   (no cloak)
rCorr    +         Harm     .   (no gloves)
MR       .....                  (no boots)
Stlth    +.........             (no amulet)
HPRegen  0.12/turn              m - ring of magical power
MPRegen  0.15/turn              (no ring)

@: resistant
A: negative energy resistance 1, electricity resistance, unbreathing,
petrification resistance, rot immunity, AC +4
a: no special abilities


You were on level 3 of the Dungeon.
You were not hungry.

You visited 1 branch of the dungeon, and saw 3 of its levels.

You collected 154 gold pieces.

Inventory:

Hand Weapons
 a - a +0 rapier (weapon)
 j - a cursed +0 blowgun
 r - a cursed +0 dagger
 A - a +2 dagger of venom
 C - a +2 dagger of electrocution
Missiles
 d - 3 throwing nets (quivered)
 p - 8 curare-tipped needles
 x - 16 poisoned needles
Armour
 b - a +0 leather armour (worn)
 c - a +0 helmet (worn)
 u - a +0 ring mail
 B - a +0 leather armour of poison resistance
Jewellery
 m - a ring of magical power (left hand)
 s - an uncursed ring of flight {unknown}
 t - an uncursed ring of protection from cold {unknown}
Scrolls
 g - a scroll of amnesia {unknown}
 h - 2 scrolls of remove curse
 q - 2 scrolls of identify
 w - a scroll of immolation {unknown}
 y - a scroll of teleportation {unknown}
Potions
 i - 2 potions of haste
 k - a potion of mutation {unknown}
 l - 2 potions of agility
 n - a potion of curing {unknown}
 o - 2 potions of heal wounds {unknown}
 v - a potion of lignification {unknown}
Comestibles
 f - 9 rations
 z - 4 chunks of flesh


   Skills:
 + Level 3.0 Fighting
 * Level 3.6 Short Blades
 + Level 2.3 Throwing
 + Level 2.0 Armour
 * Level 3.4 Dodging
 + Level 1.7 Stealth
 + Level 1.3 Spellcasting


You had 7 spell levels left.
You didn't know any spells.
Your spell library was empty.

Dungeon Overview and Level Annotations

Branches:
Dungeon (3/15)

Altars:
Zin


Innate Abilities, Weirdness & Mutations

You are resistant to torment.
Your stone body is resilient. (AC +4)
You are immune to poison.
You resist negative energy. (rN+)
You are resistant to electric shocks. (rElec)
You can survive without breathing.
You are immune to petrification.
You are immune to rotting.


Message History

The orc hits you with a +3 short sword of venom.
The orc priest begins to cast a cantrip, but forgets the words!
It was a potion of resistance.
You feel protected. The orc hits you but does no damage.
You puncture the orc!
You kill the orc!
You closely miss the kobold. The kobold closely misses you.
You closely miss the kobold. The kobold closely misses you.
You hit the kobold.
The kobold is severely wounded.
The orc priest invokes the aid of Beogh against you.
Beogh smites you!
* * * LOW HITPOINT WARNING * * *
The kobold hits you but does no damage.
You barely miss the kobold.
The kobold is severely wounded.
The orc priest calls down the wrath of Beogh upon you.
Beogh smites you!
You die...

########################
................>.......
##############.........#
#.#@#####. #.#K#####.#.
#.#oo)o.....
#.#o.#....#. #.#..# ####
#.#..# ..#..# #..# #..#


You could see an orc priest, 2 orcs and a kobold.

Vanquished Creatures
  A sky beast (D:2)
  7 adders (D:2)
  An ooze (D:1)
  A worm (D:3)
  2 dart slugs
  2 leopard geckos (D:2)
  2 orcs (D:3)
  3 ball pythons (D:1)
  2 giant cockroaches (D:3)
  8 goblins
  9 hobgoblins
  6 jackals (D:2)
  A quokka (D:3)
  4 bats
  8 frilled lizards
  7 kobolds
  11 rats
75 creatures vanquished.

Notes
Turn   | Place    | Note
-------+----------+-------------------------------------------
     0 | D:1      | Borgoz the Gargoyle Gladiator began the quest for the Orb.
     0 | D:1      | Reached XP level 1. HP: 12/12 MP: 1/1
   281 | D:1      | Reached XP level 2. HP: 11/17 MP: 2/2
   504 | D:1      | Reached skill level 1 in Armour
   551 | D:1      | Reached XP level 3. HP: 21/22 MP: 3/3
  1311 | D:2      | Noticed a sky beast
  1335 | D:2      | Killed a sky beast
  1335 | D:2      | Reached skill level 1 in Stealth
  1335 | D:2      | Reached skill level 1 in Spellcasting
  1335 | D:2      | Reached XP level 4. HP: 15/27 MP: 3/5
  1335 | D:2      | Reached XP level 5. HP: 18/32 MP: 3/6
  1378 | D:2      | Found a glowing silver altar of Zin.
  2191 | D:3      | Reached XP level 6. HP: 35/37 MP: 8/8
  2432 | D:3      | Killed from afar by an orc priest

Levels and vault maps discovered:
D:1:      minmay_arrival_hallway, layout_basic, minmay_octomino_e4
D:2:      layout_loops_cross, lemuel_round_altar, kennysheep_generic_room_4
D:3:      layout_basic, uniq_grinder

Skill      XL: |  1  2  3  4  5  6 |
---------------+-------------------+-----
Throwing       | 2 |  2.3
Armour         | 1 2 |  2.0
Short Blades   | 3 |  3.6
Dodging        | 3 |  3.4
Stealth        | 1 |  1.7
Spellcasting   | 1 |  1.3
Fighting       | 3 |  3.0

Action                   |  1- 3 |  4- 6 || total
-------------------------+-------+-------++-------
Melee: Rapier            |   141 |   144 ||   285
  Use: Scroll            |       |     4 ||     4
       Potion            |       |     1 ||     1
 Stab: Sleeping          |     1 |     4 ||     5
  Eat: Chunk             |     1 |     4 ||     5
Armor: Leather armour    |    56 |    67 ||   123
Dodge: Dodged            |   107 |    97 ||   204

Table legend:
 A = Non-vault XP
 B = Vault XP
 C = Vault XP percentage of total XP
 D = Non-vault monster count
 E = Vault monster count
 F = Vault count percentage of total count
                 A         B        C        D         E       F
            +---------+---------+-------+---------+---------+-------
      Total |     341 |       5 |   1.4 |      72 |       3 |   4.0
            +---------+---------+-------+---------+---------+-------
        D:1 |      43 |       5 |  10.4 |      29 |       3 |   9.4
        D:2 |     264 |       0 |   0.0 |      27 |       0 |   0.0
        D:3 |      34 |       0 |   0.0 |      16 |       0 |   0.0
            +---------+---------+-------+---------+---------+-------
